TOP OF THE 1ST |
Ohio State University Buckeyes batting - Pitching for Clemson University Tigers : RHP Ib Skovgaard
|
Pitching: RHP Ib Skovgaard
|
|
Batting: RHB Aukukero Tairi
|
0-0: Ball 1-0: Called Strike 1-1: Swinging Strike 1-2: Strikes out swinging
|
Batting: RHB Rafael Reyes
|
0-0: Ball 1-0: Called Strike 1-1: Ball 2-1: Foul Ball, location: 2F 2-2: Strikes out swinging
|
Pitching: RHP Cortez Cruz
|
|
Batting: RHB Nick Holsinger
|
0-0: Fly out, F7 (Line Drive, 7, EV 100.6 MPH)
|
Top of the 1st over - 0 runs, 0 hits, 0 errors, 0 left on base; Ohio State University 0 - Clemson University 0 |
BOTTOM OF THE 1ST |
Clemson University Tigers batting - Pitching for Ohio State University Buckeyes : RHP Gerardo Fernandez
|
Pitching: RHP Gerardo Fernandez
|
|
Batting: LHB Brandon Homol
|
0-0: Ball 1-0: Fly out, F3 (Line Drive, 3, EV 70.6 MPH)
|
Batting: RHB Wes Reynolds
|
0-0: Called Strike 0-1: Foul Ball, location: 2F 0-2: Ball 1-2: Ball 2-2: Foul Ball, location: 2F 2-2: Ball 3-2: Foul Ball, location: 2F 3-2: Fly out, F7 (Flyball, 78M, EV 97.5 MPH)
|
Batting: LHB Pablo Serrato
|
0-0: DOUBLE (Line Drive, 7LM, EV 106.2 MPH)
|
Batting: SHB Justin Hensley
|
0-0: Hit by Pitch
|
Batting: RHB Jaime Rios
|
0-0: Ball 1-0: Fielders Choice at 2nd, 6-4 (Groundball, 6, EV 84.4 MPH)
|
Bottom of the 1st over - 0 runs, 1 hit, 0 errors, 2 left on base; Ohio State University 0 - Clemson University 0 |
TOP OF THE 2ND |
Ohio State University Buckeyes batting - Pitching for Clemson University Tigers : RHP Cortez Cruz
|
Batting: RHB Xavier Castaneda
|
0-0: SOLO HOME RUN (Flyball, 7D, EV 94.4 MPH), Distance : 369 ft
|
Batting: RHB Dan Muse
|
0-0: Ball 1-0: Called Strike 1-1: Called Strike 1-2: SINGLE (Flyball, 8RS, EV 93.1 MPH)
|
Batting: RHB Rick English
|
0-0: Fly out, F7 (Flyball, 7D, EV 94.4 MPH) Runner from 1st tags up, SAFE at 2nd
|
Batting: RHB Seisaburo Edagawa
|
0-0: Ball 1-0: Called Strike 1-1: Ball 2-1: Ball 3-1: Ground out 4-3 (Groundball, 34, EV 75.6 MPH) Dan Muse to third
|
Batting: LHB Alex Rivera
|
0-0: Ball 1-0: SINGLE (Groundball, 6MD, EV 100.0 MPH) Dan Muse scores
|
Batting: RHB Peter Westover
|
0-0: Foul Ball, location: 2F 0-1: TRIPLE (Flyball, 7LD, EV 106.9 MPH) Alex Rivera scores
|
Pitching: RHP Kyle Moser
|
|
Batting: RHB Aukukero Tairi
|
0-0: Called Strike 0-1: Ground out 6-3 (Groundball, 6M, EV 93.1 MPH)
|
Top of the 2nd over - 3 runs, 4 hits, 0 errors, 1 left on base; Ohio State University 3 - Clemson University 0 |
BOTTOM OF THE 2ND |
Clemson University Tigers batting - Pitching for Ohio State University Buckeyes : RHP Gerardo Fernandez
|
Batting: LHB Pat Fontana
|
0-0: Ball 1-0: Swinging Strike 1-1: Ball 2-1: Swinging Strike 2-2: Foul Ball, location: 2F 2-2: Ball 3-2: Foul Ball, location: 2F 3-2: Fly out, F7 (Flyball, 7LM, EV 77.5 MPH)
|
Batting: SHB Ronnie Brooks
|
0-0: Foul Ball, location: 2F 0-1: Swinging Strike 0-2: DOUBLE (Line Drive, 89M, EV 105.6 MPH)
|
Batting: LHB Ivan Castillo
|
0-0: Ground out 4-3 (Groundball, 34D, EV 104.4 MPH) Ronnie Brooks to third
|
Batting: RHB Ken Manser
|
0-0: Ball 1-0: Called Strike 1-1: Foul Ball, location: 2F 1-2: Foul Ball, location: 2F 1-2: Ball 2-2: Foul Ball, location: 2F 2-2: Fly out, F9 (Flyball, 9S, EV 71.2 MPH)
|
Bottom of the 2nd over - 0 runs, 1 hit, 0 errors, 1 left on base; Ohio State University 3 - Clemson University 0 |
TOP OF THE 3RD |
Ohio State University Buckeyes batting - Pitching for Clemson University Tigers : RHP Kyle Moser
|
Batting: RHB Rafael Reyes
|
0-0: Called Strike 0-1: DOUBLE (Line Drive, 89XD, EV 106.9 MPH)
|
Batting: RHB Nick Holsinger
|
0-0: Called Strike 0-1: Ball 1-1: Foul Ball, location: 2F 1-2: Ball 2-2: Foul Ball, location: 2F 2-2: Fly out, F7 (Flyball, 7, EV 86.2 MPH)
|
Batting: RHB Xavier Castaneda
|
0-0: Called Strike 0-1: Ball 1-1: Foul Ball, location: 2F 1-2: Strikes out swinging
|
Batting: RHB Dan Muse
|
0-0: Ball 1-0: Ball Rafael Reyes steals 3rd base 2-0: Called Strike 2-1: Foul Ball, location: 2F 2-2: Foul Ball, location: 2F 2-2: Ball 3-2: Base on Balls
|
Batting: RHB Rick English
|
0-0: Called Strike 0-1: Ball 1-1: Swinging Strike 1-2: Fly out, F8 (Flyball, 8LD, EV 83.1 MPH)
|
Top of the 3rd over - 0 runs, 1 hit, 0 errors, 2 left on base; Ohio State University 3 - Clemson University 0 |
BOTTOM OF THE 3RD |
Clemson University Tigers batting - Pitching for Ohio State University Buckeyes : RHP Gerardo Fernandez
|
Batting: LHB Brandon Homol
|
0-0: Ball 1-0: SINGLE (Flyball, 34D, EV 94.4 MPH)
|
Batting: RHB Wes Reynolds
|
0-0: Called Strike 0-1: Grounds into double play, 5-4-3 (Groundball, 5, EV 82.5 MPH)
|
Batting: LHB Pablo Serrato
|
0-0: Ball 1-0: Foul Ball, location: 2F 1-1: Called Strike 1-2: Ball 2-2: Ground out 6-3 (Groundball, 6, EV 79.4 MPH)
|
Bottom of the 3rd over - 0 runs, 1 hit, 0 errors, 0 left on base; Ohio State University 3 - Clemson University 0 |
TOP OF THE 4TH |
Ohio State University Buckeyes batting - Pitching for Clemson University Tigers : RHP Kyle Moser
|
Batting: RHB Seisaburo Edagawa
|
0-0: Ball 1-0: Ground out 6-3 (Groundball, 4MD, EV 98.1 MPH)
|
Batting: LHB Alex Rivera
|
0-0: Foul Ball, location: 2F 0-1: Ball 1-1: Fly out, F9 (Flyball, 9S, EV 87.5 MPH)
|
Pitching: RHP Josh Blaschke
|
|
Batting: RHB Peter Westover
|
0-0: SINGLE (Line Drive, 89M, EV 86.9 MPH)
|
Batting: RHB Aukukero Tairi
|
0-0: Reaches on Catchers interference Peter Westover to second
|
Batting: RHB Rafael Reyes
|
0-0: Ground out U3 (Groundball, 3, EV 90.0 MPH)
|
Top of the 4th over - 0 runs, 1 hit, 1 error, 2 left on base; Ohio State University 3 - Clemson University 0 |
BOTTOM OF THE 4TH |
Clemson University Tigers batting - Pitching for Ohio State University Buckeyes : RHP Gerardo Fernandez
|
Batting: SHB Justin Hensley
|
0-0: Called Strike 0-1: Foul Ball, location: 2F 0-2: Ball 1-2: Ball 2-2: Fly out, F8 (Line Drive, 8LD, EV 95.6 MPH)
|
Batting: RHB Jaime Rios
|
0-0: Ball 1-0: Called Strike 1-1: Ball 2-1: SOLO HOME RUN (Flyball, 78XD, EV 107.5 MPH), Distance : 409 ft
|
Batting: LHB Pat Fontana
|
0-0: Ball 1-0: Fly out, F8 (Flyball, 8LS, EV 76.9 MPH)
|
Batting: SHB Ronnie Brooks
|
0-0: Foul Ball, location: 2F 0-1: Ball 1-1: Swinging Strike 1-2: Ground out 6-3 (Groundball, 6M, EV 92.5 MPH)
|
Bottom of the 4th over - 1 run, 1 hit, 0 errors, 0 left on base; Ohio State University 3 - Clemson University 1 |
TOP OF THE 5TH |
Ohio State University Buckeyes batting - Pitching for Clemson University Tigers : RHP Josh Blaschke
|
Batting: RHB Nick Holsinger
|
0-0: Ball 1-0: Ball 2-0: Called Strike 2-1: Foul Ball, location: 2F 2-2: Ground out 5-3 (Groundball, 5S, EV 75.6 MPH)
|
Batting: RHB Xavier Castaneda
|
0-0: Called Strike 0-1: Swinging Strike 0-2: Ball 1-2: Ball 2-2: SINGLE (Line Drive, 9S, EV 109.4 MPH)
|
Batting: RHB Dan Muse
|
0-0: Called Strike 0-1: Called Strike Xavier Castaneda steals 2nd base 0-2: Hit by Pitch
|
Batting: RHB Rick English
|
0-0: Called Strike 0-1: Ball 1-1: Grounds into double play, 5-4-3 (Groundball, 56, EV 81.2 MPH)
|
Top of the 5th over - 0 runs, 1 hit, 0 errors, 1 left on base; Ohio State University 3 - Clemson University 1 |
BOTTOM OF THE 5TH |
Clemson University Tigers batting - Pitching for Ohio State University Buckeyes : RHP Gerardo Fernandez
|
Batting: LHB Ivan Castillo
|
0-0: Ground out 5-3 (Groundball, 5, EV 79.4 MPH)
|
Batting: RHB Ken Manser
|
0-0: Foul Ball, location: 2F 0-1: Ball 1-1: Ball 2-1: SINGLE (Groundball, 4MD, EV 94.4 MPH)
|
Batting: LHB Brandon Homol
|
0-0: Ball Ken Manser is caught stealing 2nd base 2-6 1-0: Fly out, F6 (Popup, 6, EV 65.0 MPH)
|
Bottom of the 5th over - 0 runs, 1 hit, 0 errors, 0 left on base; Ohio State University 3 - Clemson University 1 |
TOP OF THE 6TH |
Ohio State University Buckeyes batting - Pitching for Clemson University Tigers : RHP Josh Blaschke
|
Batting: RHB Seisaburo Edagawa
|
0-0: Ground out 4-3 (Groundball, 4, EV 103.8 MPH)
|
Batting: LHB Alex Rivera
|
0-0: Ball 1-0: Ball 2-0: Ground out 4-3 (Groundball, 4, EV 100.0 MPH)
|
Batting: RHB Peter Westover
|
0-0: Ball 1-0: Ball 2-0: Ball 3-0: Base on Balls
|
Batting: RHB Aukukero Tairi
|
0-0: Ball 1-0: Called Strike 1-1: Hit by Pitch Peter Westover to second
|
Pitching: RHP Jose Lomas
|
|
Batting: RHB Rafael Reyes
|
0-0: Ball 1-0: Fly out, F8 (Line Drive, 8LM, EV 91.9 MPH)
|
Top of the 6th over - 0 runs, 0 hits, 0 errors, 2 left on base; Ohio State University 3 - Clemson University 1 |
BOTTOM OF THE 6TH |
Clemson University Tigers batting - Pitching for Ohio State University Buckeyes : RHP Gerardo Fernandez
|
Batting: RHB Wes Reynolds
|
0-0: Ball 1-0: Ball 2-0: Fly out, F7 (Line Drive, 7, EV 91.2 MPH)
|
Batting: LHB Pablo Serrato
|
0-0: Ground out 4-3 (Groundball, 4D, EV 100.6 MPH)
|
Batting: SHB Justin Hensley
|
0-0: Swinging Strike 0-1: Foul Ball, location: 2F 0-2: Strikes out swinging
|
Bottom of the 6th over - 0 runs, 0 hits, 0 errors, 0 left on base; Ohio State University 3 - Clemson University 1 |
TOP OF THE 7TH |
Ohio State University Buckeyes batting - Pitching for Clemson University Tigers : RHP Jose Lomas
|
Batting: RHB Nick Holsinger
|
0-0: Called Strike 0-1: Ball 1-1: Ball 2-1: SINGLE (Groundball, 13, EV 78.8 MPH) (infield hit)
|
Pitching: RHP Mike Lambert
|
|
Batting: RHB Xavier Castaneda
|
0-0: Ball 1-0: Foul Ball, location: 2F 1-1: Foul Ball, location: 2F 1-2: Strikes out swinging
|
Batting: RHB Dan Muse
|
0-0: Fly out, F8 (Flyball, 8LXD, EV 93.1 MPH)
|
Batting: RHB Rick English
|
0-0: Fly out, F9 (Flyball, 89D, EV 86.2 MPH)
|
Top of the 7th over - 0 runs, 1 hit, 0 errors, 1 left on base; Ohio State University 3 - Clemson University 1 |
BOTTOM OF THE 7TH |
Clemson University Tigers batting - Pitching for Ohio State University Buckeyes : RHP Gerardo Fernandez
|
Batting: RHB Jaime Rios
|
0-0: Ball 1-0: Foul Ball, location: 2F 1-1: Ball 2-1: Foul Ball, location: 2F 2-2: Ball 3-2: Strikes out swinging
|
Pitching: LHP Ian Tamburrino
|
|
Batting: LHB Pat Fontana
|
0-0: Called Strike 0-1: Ball 1-1: Foul Ball, location: 2F 1-2: Fly out, F9 (Flyball, 9S, EV 76.9 MPH)
|
Batting: SHB Ronnie Brooks
|
0-0: Called Strike 0-1: Ground out 5-3 (Groundball, 5, EV 102.5 MPH)
|
Bottom of the 7th over - 0 runs, 0 hits, 0 errors, 0 left on base; Ohio State University 3 - Clemson University 1 |
TOP OF THE 8TH |
Ohio State University Buckeyes batting - Pitching for Clemson University Tigers : RHP Mike Lambert
|
Batting: RHB Seisaburo Edagawa
|
0-0: SINGLE (Groundball, 6MD, EV 94.4 MPH)
|
Pitching: RHP Kyle Rindels
|
|
Batting: LHB Alex Rivera
|
0-0: Bunt - Flyout to 13S! F1
|
Pinch Hitting: LHB Jason Kinney
|
0-0: Foul Ball, location: 2F 0-1: Swinging Strike 0-2: Strikes out looking
|
Batting: RHB Aukukero Tairi
|
0-0: Foul Ball, location: 2F 0-1: Called Strike 0-2: Strikes out swinging
|
Top of the 8th over - 0 runs, 1 hit, 0 errors, 1 left on base; Ohio State University 3 - Clemson University 1 |
BOTTOM OF THE 8TH |
Clemson University Tigers batting - Pitching for Ohio State University Buckeyes : LHP Ian Tamburrino
|
Now at SS: Jesus Gomez
|
|
Pinch Hitting: RHB Leo Candelas
|
0-0: Ball 1-0: Foul Ball, location: 2F 1-1: Foul Ball, location: 2F 1-2: Reached on error, E4 (Groundball, 4, EV 83.1 MPH)
|
Batting: RHB Ken Manser
|
0-0: Ball 1-0: Ball 2-0: Ball 3-0: Called Strike 3-1: Fielders Choice at 2nd, 4-6 (Groundball, 4, EV 88.8 MPH)
|
Batting: LHB Brandon Homol
|
0-0: Ball 1-0: 2-RUN HOME RUN (Flyball, 9D, EV 99.4 MPH), Distance : 361 ft
|
Batting: RHB Wes Reynolds
|
0-0: Called Strike 0-1: Ball 1-1: Fly out, F8 (Line Drive, 8LD, EV 88.1 MPH)
|
Batting: LHB Pablo Serrato
|
0-0: Ball 1-0: Ball 2-0: Ball 3-0: Base on Balls
|
Pitching: RHP Dave Patenaude
|
|
Batting: SHB Justin Hensley
|
0-0: Called Strike 0-1: Called Strike 0-2: Ball 1-2: Strikes out swinging
|
Bottom of the 8th over - 2 runs, 1 hit, 1 error, 1 left on base; Ohio State University 3 - Clemson University 3 |
TOP OF THE 9TH |
Ohio State University Buckeyes batting - Pitching for Clemson University Tigers : RHP Kyle Rindels
|
Now at SS: Jamie Spangenberg
|
|
Batting: RHB Rafael Reyes
|
0-0: Ball 1-0: Ball 2-0: Ground out 4-3 (Groundball, 4D, EV 102.5 MPH)
|
Batting: RHB Nick Holsinger
|
0-0: Foul Ball, location: 2F 0-1: Foul Ball, location: 2F 0-2: Ball 1-2: Strikes out swinging
|
Batting: RHB Xavier Castaneda
|
0-0: Ball 1-0: Called Strike 1-1: Called Strike 1-2: Ball 2-2: Fly out, F9 (Flyball, 89M, EV 85.0 MPH)
|
Top of the 9th over - 0 runs, 0 hits, 0 errors, 0 left on base; Ohio State University 3 - Clemson University 3 |
BOTTOM OF THE 9TH |
Clemson University Tigers batting - Pitching for Ohio State University Buckeyes : RHP Dave Patenaude
|
Pitching: RHP Harold Price
|
|
Batting: RHB Jaime Rios
|
0-0: Ball 1-0: Ball 2-0: Swinging Strike 2-1: Swinging Strike 2-2: Foul Ball, location: 2F 2-2: Ball 3-2: Strikes out swinging
|
Batting: LHB Pat Fontana
|
0-0: SINGLE (Groundball, 6M, EV 96.9 MPH)
|
Batting: SHB Ronnie Brooks
|
0-0: Ball Pat Fontana steals 2nd base 1-0: Foul Ball, location: 2F 1-1: Ball 2-1: Foul Ball, location: 2F 2-2: Ground out 6-3 (Groundball, 6M, EV 86.9 MPH) Pat Fontana to third
|
Batting: LHB Jamie Spangenberg
|
0-0: Intentional Walk
|
Batting: RHB Ken Manser
|
0-0: Ball 1-0: Called Strike 1-1: Foul Ball, location: 2F 1-2: Fielders Choice at 2nd, 5-4 (Groundball, 56, EV 79.4 MPH)
|
Bottom of the 9th over - 0 runs, 1 hit, 0 errors, 2 left on base; Ohio State University 3 - Clemson University 3 |
TOP OF THE 10TH |
Ohio State University Buckeyes batting - Pitching for Clemson University Tigers : RHP Kyle Rindels
|
Pitching: LHP Jeff Briggs
|
|
Batting: RHB Dan Muse
|
0-0: Ground out 4-3 (Groundball, 4, EV 78.1 MPH)
|
Batting: RHB Rick English
|
0-0: Called Strike 0-1: Swinging Strike 0-2: Ball 1-2: Strikes out looking
|
Batting: RHB Seisaburo Edagawa
|
0-0: Foul Ball, location: 2F 0-1: Ball 1-1: Swinging Strike 1-2: Ball 2-2: Foul Ball, location: 2F 2-2: DOUBLE (Flyball, 8LXD, EV 96.9 MPH)
|
Pinch Hitting: RHB Joey Black
|
0-0: Intentional Walk
|
Batting: SHB Jesus Gomez
|
0-0: Called Strike 0-1: Ball 1-1: Ball 2-1: Foul Ball, location: 2F 2-2: Foul Ball, location: 2F 2-2: Foul Ball, location: 2F 2-2: Ball 3-2: Strikes out swinging
|
Top of the 10th over - 0 runs, 1 hit, 0 errors, 2 left on base; Ohio State University 3 - Clemson University 3 |
BOTTOM OF THE 10TH |
Clemson University Tigers batting - Pitching for Ohio State University Buckeyes : RHP Harold Price
|
Now at C: Phil McFadden
|
|
Batting: LHB Brandon Homol
|
0-0: Called Strike 0-1: Ball 1-1: Swinging Strike 1-2: Foul Ball, location: 2F 1-2: Strikes out swinging
|
Batting: RHB Wes Reynolds
|
0-0: Ball 1-0: Ball 2-0: Fly out, F6 (Popup, 6M, EV 74.4 MPH)
|
Batting: LHB Pablo Serrato
|
0-0: Swinging Strike 0-1: Ball 1-1: Ball 2-1: Called Strike 2-2: Foul Ball, location: 2F 2-2: Foul Ball, location: 2F 2-2: Foul Ball, location: 2F 2-2: Strikes out looking
|
Bottom of the 10th over - 0 runs, 0 hits, 0 errors, 0 left on base; Ohio State University 3 - Clemson University 3 |
TOP OF THE 11TH |
Ohio State University Buckeyes batting - Pitching for Clemson University Tigers : LHP Jeff Briggs
|
Batting: RHB Aukukero Tairi
|
0-0: Ball 1-0: Foul Ball, location: 2F 1-1: Swinging Strike 1-2: Foul Ball, location: 2F 1-2: Foul Ball, location: 2F 1-2: Ball 2-2: Strikes out swinging wild pitch, reaches first!
|
Batting: RHB Rafael Reyes
|
0-0: Ball 1-0: Swinging Strike 1-1: Ball 2-1: Ball 3-1: Bunt - Flyout to 25! F5
|
Batting: RHB Nick Holsinger
|
0-0: Called Strike 0-1: Ball 1-1: Called Strike 1-2: Ball 2-2: Ball 3-2: SINGLE (Groundball, 6D, EV 96.9 MPH) Aukukero Tairi to second
|
Pitching: RHP Jon Wernli
|
|
Batting: RHB Xavier Castaneda
|
0-0: Foul Ball, location: 2F 0-1: Swinging Strike 0-2: Strikes out swinging
|
Batting: RHB Dan Muse
|
0-0: Ball 1-0: SINGLE (Groundball, 56D, EV 89.4 MPH) (infield hit) Aukukero Tairi to third Nick Holsinger to second
|
Batting: RHB Rick English
|
0-0: Swinging Strike 0-1: Foul Ball, location: 2F 0-2: Fly out, F8 (Flyball, 8LS, EV 93.8 MPH)
|
Top of the 11th over - 0 runs, 2 hits, 0 errors, 3 left on base; Ohio State University 3 - Clemson University 3 |
BOTTOM OF THE 11TH |
Clemson University Tigers batting - Pitching for Ohio State University Buckeyes : RHP Harold Price
|
Pitching: RHP Sam Lewis
|
|
Batting: SHB Justin Hensley
|
0-0: Foul Ball, location: 2F 0-1: Ball 1-1: Ball 2-1: Ball 3-1: Foul Ball, location: 2F 3-2: Base on Balls
|
Batting: RHB Jaime Rios
|
0-0: Swinging Strike 0-1: Ball 1-1: Grounds into double play, 5-4-3 (Groundball, 56, EV 86.9 MPH)
|
Batting: LHB Pat Fontana
|
0-0: Swinging Strike 0-1: SINGLE (Line Drive, 89M, EV 101.2 MPH)
|
Batting: SHB Ronnie Brooks
|
0-0: SINGLE (Groundball, 4MD, EV 103.8 MPH) Pat Fontana to second Runner from 2nd tries for 3rd, SAFE, throw by CF made to third
|
Batting: LHB Jamie Spangenberg
|
0-0: Ball 1-0: Foul Ball, location: 2F 1-1: Called Strike 1-2: Foul Ball, location: 2F 1-2: Fly out, F8 (Flyball, 8LM, EV 87.5 MPH)
|
Bottom of the 11th over - 0 runs, 2 hits, 0 errors, 2 left on base; Ohio State University 3 - Clemson University 3 |
TOP OF THE 12TH |
Ohio State University Buckeyes batting - Pitching for Clemson University Tigers : RHP Jon Wernli
|
Batting: LHB Bill Lorimer
|
0-0: Ball 1-0: Ball 2-0: Foul Ball, location: 2F 2-1: Foul Ball, location: 2F 2-2: Ball 3-2: Strikes out swinging
|
Batting: RHB Phil McFadden
|
0-0: Ball 1-0: Swinging Strike 1-1: Swinging Strike 1-2: Ground out 4-3 (Groundball, 4, EV 85.0 MPH)
|
Batting: SHB Jesus Gomez
|
0-0: Ball 1-0: Ball 2-0: Foul Ball, location: 2F 2-1: Ball 3-1: Called Strike 3-2: Base on Balls
|
Batting: RHB Aukukero Tairi
|
0-0: Ball 1-0: Swinging Strike 1-1: Swinging Strike 1-2: Ball 2-2: SINGLE (Flyball, 8LS, EV 95.0 MPH) Jesus Gomez to second Runner from 2nd tries for 3rd, SAFE, throw by CF made to third
|
Batting: RHB Rafael Reyes
|
0-0: Ball 1-0: Called Strike 1-1: Ball 2-1: Ball 3-1: Foul Ball, location: 2F 3-2: Ground out 4-3 (Groundball, 4, EV 82.5 MPH)
|
Top of the 12th over - 0 runs, 1 hit, 0 errors, 2 left on base; Ohio State University 3 - Clemson University 3 |
BOTTOM OF THE 12TH |
Clemson University Tigers batting - Pitching for Ohio State University Buckeyes : RHP Sam Lewis
|
Batting: RHB Ken Manser
|
0-0: Swinging Strike 0-1: Ball 1-1: Swinging Strike 1-2: Foul Ball, location: 2F 1-2: Ball 2-2: SINGLE (Line Drive, 9S, EV 105.6 MPH)
|
Batting: LHB Brandon Homol
|
0-0: Foul Ball, location: 2F 0-1: Ball 1-1: Ball 2-1: Foul Ball, location: 2F 2-2: Ball 3-2: Foul Ball, location: 2F 3-2: Fielders Choice at 2nd, 4-6 (Groundball, 34, EV 102.5 MPH)
|
Batting: RHB Wes Reynolds
|
0-0: Ball 1-0: Ball 2-0: Foul Ball, location: 2F 2-1: Called Strike 2-2: SINGLE (Groundball, 56D, EV 95.6 MPH) Brandon Homol to second
|
Batting: LHB Pablo Serrato
|
0-0: Called Strike 0-1: Ball 1-1: Foul Ball, location: 2F 1-2: Strikes out looking
|
Pitching: RHP Outa Tamura
|
|
Batting: SHB Justin Hensley
|
0-0: Called Strike 0-1: Swinging Strike 0-2: Ball 1-2: Foul Ball, location: 2F 1-2: Fly out, F6 (Popup, 6MS, EV 56.2 MPH)
|
Bottom of the 12th over - 0 runs, 2 hits, 0 errors, 2 left on base; Ohio State University 3 - Clemson University 3 |
TOP OF THE 13TH |
Ohio State University Buckeyes batting - Pitching for Clemson University Tigers : RHP Jon Wernli
|
Batting: RHB Nick Holsinger
|
0-0: Foul Ball, location: 2F 0-1: Called Strike 0-2: Foul Ball, location: 2F 0-2: Ball 1-2: Foul Ball, location: 2F 1-2: SINGLE (Groundball, 6D, EV 95.6 MPH)
|
Batting: RHB Xavier Castaneda
|
0-0: Ball 1-0: Ball 2-0: Fly out, F7 (Flyball, 7LS, EV 94.4 MPH)
|
Pitching: LHP Alex Shannon
|
|
Batting: RHB Dan Muse
|
0-0: 2-RUN HOME RUN (Flyball, 7D, EV 96.2 MPH), Distance : 372 ft
|
Batting: RHB Rick English
|
0-0: Ball 1-0: Swinging Strike 1-1: Called Strike 1-2: Ball 2-2: Strikes out swinging
|
Batting: LHB Bill Lorimer
|
0-0: Ball 1-0: Foul Ball, location: 2F 1-1: Foul Ball, location: 2F 1-2: Fly out, F9 (Flyball, 9S, EV 78.1 MPH)
|
Top of the 13th over - 2 runs, 2 hits, 0 errors, 0 left on base; Ohio State University 5 - Clemson University 3 |
BOTTOM OF THE 13TH |
Clemson University Tigers batting - Pitching for Ohio State University Buckeyes : RHP Outa Tamura
|
Now at 1B: Efrem Isaev
|
|
Batting: RHB Jaime Rios
|
0-0: Called Strike 0-1: Ball 1-1: SINGLE (Groundball, 6MD, EV 103.8 MPH)
|
Batting: LHB Pat Fontana
|
0-0: Foul Ball, location: 2F 0-1: Fly out, F8 (Flyball, 78M, EV 85.0 MPH)
|
Batting: SHB Ronnie Brooks
|
0-0: Called Strike 0-1: Foul Ball, location: 2F 0-2: SINGLE (Groundball, 4MD, EV 95.6 MPH) Jaime Rios to second
|
Batting: LHB Jamie Spangenberg
|
0-0: Ball 1-0: Fielders Choice at 2nd, 4-6 (Groundball, 4, EV 108.8 MPH) Jaime Rios to third
|
Pinch Hitting: RHB Ryan Starks
|
0-0: Hit by Pitch Jamie Spangenberg to second
|
Batting: LHB Brandon Homol
|
0-0: Called Strike 0-1: Swinging Strike 0-2: Ball 1-2: Strikes out swinging
|
Bottom of the 13th over - 0 runs, 2 hits, 0 errors, 3 left on base; Ohio State University 5 - Clemson University 3 |
|